 Dungeon Crawl Stone Soup version 0.29.1-1-gd02db69 (webtiles) character file.

Game seed: 12411797865860594041

6 Jonnyslop the Trooper (level 1, 0/14 HPs)
             Began as a Gargoyle Fighter on Oct 23, 2022.
             Slain by a kobold
             ... wielding a +0 short sword
              (2 damage)
             ... on level 1 of the Dungeon.
             The game lasted 00:00:21 (152 turns).

Jonnyslop the Trooper (Gargoyle Fighter)             Turns: 152, Time: 00:00:22

Health: 0/14       AC:  9    Str: 19    XL:     1   Next: 90%
Magic:  1/1        EV:  9    Int:  8    God:
Gold:   40         SH:  4    Dex:  9    Spells: 0/0 levels left

rFire   . . .      SeeInvis .   a - +0 flail
rCold   . . .      Faith    .   c - +0 buckler
rNeg    + . .      Spirit   .   b - +0 scale mail
rPois   ∞          Reflect  .   (no helmet)
rElec   +          Harm     .   (no cloak)
rCorr   .          Rampage  .   (no gloves)
Will    .....                   (no boots)
Stlth   ..........              (no amulet)
HPRegen 0.04/turn               (no ring)
MPRegen 0.07/turn               (no ring)

@: no status effects
A: sickness immunity, AC +2, negative energy resistance 1, electricity
resistance, torment resistance 1, petrification resistance
a: no special abilities


You were on level 1 of the Dungeon.
You visited 1 branch of the dungeon, and saw 1 of its levels.

You collected 40 gold pieces.

Inventory:

Hand Weapons
 a - a +0 flail (weapon)
Armour
 b - a +0 scale mail (worn)
 c - a +0 buckler (worn)
Scrolls
 e - a scroll of amnesia {unknown}
 g - a scroll of fog {unknown}
Potions
 d - a potion of might
 f - 2 potions of degeneration {unknown}


   Skills:
 + Level 3.4 Fighting
 * Level 2.4 Maces & Flails
 - Level 3.2 Armour
 - Level 3.2 Shields


You couldn't memorise any spells.
You didn't know any spells.
Your spell library was empty.

Dungeon Overview and Level Annotations

Branches:
Dungeon (1/15)

Altars:


Innate Abilities, Weirdness & Mutations

You are immune to sickness and miasma.
Your stone body is resilient. (AC +2)
You are immune to poison.
You resist negative energy. (rN+)
You are resistant to electric shocks. (rElec)
You are resistant to unholy torment.
You are immune to petrification.


Message History

You are frozen.
The kobold closely misses you. The goblin hits you but does no damage.
The endoplasm freezes you.
You are frozen.
The kobold hits you with a +0 whip. The goblin closely misses you.
The kobold attacks as you move away! The kobold barely misses you.
The endoplasm attacks as you move away! The endoplasm barely misses you.
The kobold throws a stone.
The stone hits you but does no damage.
The kobold throws a stone.
The stone barely misses you. The goblin attacks as you move away!
The goblin barely misses you. The goblin attacks as you move away!
The goblin hits you but does no damage.
You hit the goblin.
You kill the goblin!
You hit the endoplasm.
The endoplasm is moderately wounded.
You block the endoplasm's attack.
You barely miss the endoplasm.
The endoplasm is moderately wounded.
You block the endoplasm's attack. The endoplasm freezes you.
You are frozen.
* * * LOW HITPOINT WARNING * * *
You hit the endoplasm.
The endoplasm is heavily wounded.
You block the endoplasm's attack.
You sock the endoplasm!
You kill the endoplasm!
You closely miss the kobold. You block the kobold's attack.
The kobold barely misses you.
You hit the kobold.
You kill the kobold!
The kobold throws a stone.
The stone barely misses you. The kobold barely misses you.
Things that are here:
a +0 whip; 5 stones; a +0 dagger You barely miss the kobold.
The kobold hits you with a +0 short sword.
* * * LOW HITPOINT WARNING * * *
The kobold hits you with a +0 short sword.
You die...

.................
###.#.#......##..#
................##
#####................
......^................. #..#
#......#.#.############## #..#
#..........# #......<... #..#
#......#K### #.......... #..#
#......#@# ##...~~~~~.
#>.###......#.## #...~≈≈≈~.
#..#................##...~≈~(.
#...........#.########...~≈~..
##.#.###......# ##...~...
#..........### #...~...
#..........# ##.....#
#............ ..#####.....#
##.....###...####.....##...##


You could see a kobold.

Vanquished Creatures
  An endoplasm (D:1)
  A kobold (D:1)
  2 frilled lizards (D:1)
  A goblin (D:1)
  2 rats (D:1)
7 creatures vanquished.

Notes
Turn   | Place    | Note
-------+----------+-------------------------------------------
     0 | D:1      | Jonnyslop the Gargoyle Fighter began the quest for the Orb.
     0 | D:1      | Reached XP level 1. HP: 14/14 MP: 1/1
    67 | D:1      | Found a faded altar of an unknown god.
   152 | D:1      | Slain by a kobold

Illustrated notes

Levels and vault maps discovered:
D:1:      lemuel_arrival_funnel, layout_basic, hellmonk_ecumenical_altar_blasted

Action                   || total
-------------------------++-------
Melee: Flail             ||    17
Armor: Scale mail        ||     5
Dodge: Dodged            ||    12
Block: Buckler           ||     5
